 Dungeon Crawl Stone Soup version 0.21-a0-279-g6037ffb (webtiles) character file.

19 4thArraOfDagon the Firebug (level 2, 9/20 HPs)
             Began as a Draconian Fire Elementalist on Sept 23, 2017.
             Quit the game on level 2 of the Dungeon.
             The game lasted 00:03:03 (437 turns).

4thArraOfDagon the Firebug (DrFE)                    Turns: 437, Time: 00:03:04

Health: 9/20       AC:  4    Str: 10    XL:     2   Next: 55%
Magic:  2/5        EV: 12    Int: 15    God:
Gold:   15         SH:  0    Dex: 11    Spells: 4/5 levels left

rFire    . . .     SeeInvis .   (no weapon)
rCold    . . .     Gourm    .   (no shield)
rNeg     . . .     Faith    .   (armour unavailable)
rPois    +         Spirit   .   (helmet restricted)
rElec    .         Reflect  .   (no cloak)
rCorr    .         Harm     .   (no gloves)
MR       .....                  (no boots)
Stlth    ++........             (no amulet)
HPRegen  0.06/turn              d - ring of poison resistance
MPRegen  0.09/turn              (no ring)

@: very slightly contaminated
A: unfitting armour, cold-blooded, AC +4
a: no special abilities


You were on level 2 of the Dungeon.
You were not hungry.

You visited 1 branch of the dungeon, and saw 2 of its levels.

You collected 15 gold pieces.

Inventory:

Jewellery
 d - a ring of poison resistance (left hand)
Scrolls
 e - 2 scrolls of identify
Potions
 c - a potion of degeneration
 f - a potion of cancellation
Books
 a - a book of Flames

   Spells                             Type                      Level
   a - Flame Tongue                   Conjuration/Fire             1
   b - Throw Flame                    Conjuration/Fire             2
   c - Conjure Flame                  Conjuration/Fire             3
   d - Inner Flame                    Hexes/Fire                   3
   e - Sticky Flame                   Conjuration/Fire             4
   f - Fireball                       Conjuration/Fire             5
Comestibles
 b - a bread ration


   Skills:
 - Level 1.7 Dodging
 - Level 1.7 Stealth
 + Level 2.1 Spellcasting
 * Level 1.9 Conjurations
 * Level 3.3 Fire Magic


You had 4 spell levels left.
You knew the following spells:

 Your Spells              Type           Power        Failure   Level  Hunger
a - Flame Tongue          Conj/Fire      #....        8%          1    #......


Dungeon Overview and Level Annotations

Branches:
Dungeon (2/15)

Altars:

Annotations:
D:2 1 runed door, Jessica


Innate Abilities, Weirdness & Mutations

Your plain brown scales are hard. (AC +4)
You cannot fit into any form of body armour.
You are cold-blooded and may be slowed by cold attacks.


Message History

Unknown command.
Found 4 gold pieces.
A hobgoblin comes into view. It is wielding a club.
Unknown command.
There is a shaft here.
You fall through a shaft!
The shaft crumbles and collapses.
Level annotation: 1 runed door 2 gnolls and Jessica come into view.
The gnoll shouts! x2; You hear a shout!
The gnoll hits you from afar with a spear.
Jessica shouts!
A gnoll comes into view. It is wielding a spear.
Unknown command.
Okay, then.
Okay, then.
Unknown command.
Unknown command.
Unknown command.
Are you sure you want to abandon this character and quit the game? (Confirm with "yes".)

..#
..#
#.#
#.#
#.#
#.#
#@#
#@#
#g#
g..
##g##
#.#
#..
###


You could see 3 gnolls and Jessica.

Vanquished Creatures
  5 bats
  A giant cockroach (D:1)
  6 goblins (D:1)
  A hobgoblin (D:1)
  A quokka (D:2)
  2 rats (D:1)
16 creatures vanquished.

Notes
Turn   | Place    | Note
-------+----------+-------------------------------------------
     0 | D:1      | 4thArraOfDagon the Draconian Fire Elementalist began the quest for the Orb.
     0 | D:1      | Reached XP level 1. HP: 14/14 MP: 3/3
    64 | D:1      | 4thArraOfDagon: w sumie klasa ma tylko wplyw na poczatek gry
    64 | D:1      | 4thArraOfDagon: i na nic wiecej
    92 | D:1      | Reached XP level 2. HP: 20/20 MP: 0/5
   210 | D:2      | Thaneod: czyli masz +1 do fire magic i tak orkiem?
   298 | D:2      | Found a runed door.
   302 | D:2      | 4thArraOfDagon: nom
   338 | D:2      | 4thArraOfDagon: skill aptitued zostaja te same
   338 | D:2      | 4thArraOfDagon: zawsze
   436 | D:1      | You fall through a shaft!
   436 | D:2      | Noticed Jessica
   437 | D:2      | Quit the game

Vault maps used:
D:1:      dpeg_arrival_tiny_b
D:2:      uniq_jessica, uniq_terence, uniq_crazy_yiuf_cottage

Action                   || total
-------------------------++-------
Melee: Unarmed           ||    24
 Cast: Flame Tongue      ||    23
  Use: Scroll            ||     2
Armor: Skin              ||    17
Dodge: Dodged            ||    32

Table legend:
 A = Spawn XP
 B = Non-spawn XP
 C = Spawn XP percentage of total XP
 D = Spawn monster count
 E = Non-spawn monster count
 F = Spawn count percentage of total count
 G = Total turns spent on level
                    A         B        C        D         E        F      G
               +---------+---------+-------+---------+---------+-------+---------
         Total |       0 |      28 |   0.0 |       0 |      16 |   0.0 |   437
               +---------+---------+-------+---------+---------+-------+---------
           D:1 |       0 |      21 |   0.0 |       0 |      12 |   0.0 |   241
           D:2 |       0 |       7 |   0.0 |       0 |       4 |   0.0 |   196
               +---------+---------+-------+---------+---------+-------+---------
